 Dungeon Crawl Stone Soup version 0.25-a0-290-g4a1327ee3a (webtiles) character file.

Game seed: 12367453498564185059, levelgen mode: deterministic

381 Holzbalken the Cudgeler (level 6, -1/37 HPs)
             Began as a Gargoyle Fighter on Dec 14, 2019.
             Slain by a gnoll
             ... wielding a +0 flail
              (7 damage)
             ... on level 3 of the Dungeon.
             The game lasted 00:09:35 (2370 turns).

Holzbalken the Cudgeler (Gargoyle Fighter)          Turns: 2370, Time: 00:09:35

Health: -1/37      AC: 11    Str: 21    XL:     6   Next: 75%
Magic:  6/6        EV:  7    Int:  9    God:
Gold:   153        SH:  9    Dex:  9    Spells: 5/5 levels left

rFire    . . .     SeeInvis .   a - +0 flail
rCold    . . .     Gourm    .   c - +0 shield
rNeg     + . .     Faith    .   b - +0 scale mail
rPois    ∞         Spirit   .   (no helmet)
rElec    +         Reflect  .   (no cloak)
rCorr    .         Harm     .   (no gloves)
MR       .....                  (no boots)
Stlth    ..........             (no amulet)
HPRegen  0.12/turn              (no ring)
MPRegen  0.10/turn              (no ring)

@: very slightly contaminated, invisible
A: negative energy resistance 1, electricity resistance, unbreathing,
petrification resistance, rot immunity, AC +4
a: no special abilities


You were on level 3 of the Dungeon.
You were not hungry.

You visited 1 branch of the dungeon, and saw 3 of its levels.

You collected 153 gold pieces.

Inventory:

Hand Weapons
 a - a +0 flail (weapon)
Armour
 b - a +0 scale mail (worn)
 c - a +0 shield (worn)
 d - a +0 helmet
   (You took it off Robin on level 2 of the Dungeon)
Jewellery
 j - a cursed amulet of inaccuracy {unknown}
   (You found it on level 2 of the Dungeon)
 m - an uncursed ring of stealth {unknown}
   (You found it on level 1 of the Dungeon)
 q - an uncursed ring of protection from magic {unknown}
   (You found it on level 2 of the Dungeon)
Wands
 t - a wand of flame (25)
   (You took it off Natasha on level 2 of the Dungeon)
 u - a wand of enslavement (7)
   (You found it on level 3 of the Dungeon)
Scrolls
 h - 4 scrolls of remove curse {unknown}
 k - 2 scrolls of immolation {unknown}
 l - a scroll of magic mapping {unknown}
 n - 3 scrolls of teleportation {unknown}
 o - a scroll of enchant armour {unknown}
 p - a scroll of noise {unknown}
Potions
 g - a potion of berserk rage
 r - 3 potions of curing {@q1}
 s - a potion of haste {unknown}
Comestibles
 e - 4 rations {!d}
 f - a chunk of flesh


   Skills:
 - Level 3.2 Fighting
 + Level 7.0 Maces & Flails
 - Level 3.2 Armour
 - Level 3.2 Shields


You had 5 spell levels left.
You didn't know any spells.
Your spell library was empty.

Dungeon Overview and Level Annotations

Branches:
Dungeon (3/15)

Altars:


Innate Abilities, Weirdness & Mutations

You are resistant to torment.
Your stone body is resilient. (AC +4)
You are immune to poison.
You resist negative energy. (rN+)
You are resistant to electric shocks. (rElec)
You can survive without breathing.
You are immune to petrification.
You are immune to rotting.


Message History

Sigmund shouts!
You hear an angry hiss.
Sigmund is too close now for your liking.
Sigmund gestures at you while chanting. The puff of flame hits you!
There is an open door here.
Sigmund says, "I'm your fate."
You see here a goblin skeleton.
Okay, then.
Okay, then.
Okay, then.
Sigmund looks at you with fury. Sigmund hits you with a +0 scythe!
You see here a goblin skeleton.
You hit Sigmund.
A gnoll comes into view. It is wielding a +0 flail.
The gnoll shouts!
You hit Sigmund. Sigmund barely misses you.
You closely miss Sigmund. Sigmund closely misses you.
Your shield prevents you from hitting Sigmund.
A gnoll comes into view.
Sigmund hits you but does no damage.
You closely miss Sigmund.
The gnoll shouts!
Sigmund hits you with a +0 scythe.
You barely miss Sigmund. You closely miss Sigmund.
Sigmund hits you with a +0 scythe!
* * * LOW HITPOINT WARNING * * *
You fade into invisibility!
Sigmund gestures at you while chanting.
The magic dart hits you but does no damage.
You are very lightly contaminated with residual magic.
You completely miss Sigmund. Sigmund barely misses you.
Your shield prevents you from hitting Sigmund.
Sigmund barely misses you.
You thump Sigmund! Sigmund misses you.
You catch the helpless Sigmund completely off-guard!
You hit Sigmund.
Your shield and scale mail prevent you from hitting Sigmund.
You block Sigmund's attack.
You closely miss Sigmund. Sigmund hits you but does no damage.
You sock Sigmund!
You kill Sigmund!
Your Maces & Flails skill increases to level 7!
You sock the gnoll! The gnoll hits you with a +0 flail!
* * * LOW HITPOINT WARNING * * *
You hit the gnoll but do no damage. You block the gnoll's attack.
You closely miss the gnoll. You block the gnoll's attack.
You barely miss the gnoll. The gnoll barely misses you.
You completely miss the gnoll. The gnoll hits you with a +0 flail!
You die...

#############
#################...........#
#>.............@gg..........#
#.######.########...........#
##'######.# #...........#
..........# #########.###
..........# #..# ..........#
.........# ..........####
@.g$.....# .............(.
.........@ ..........#####
..........#


You could see 2 gnolls.

Vanquished Creatures
  Sigmund (D:3)
  An orc priest (D:3)
  Natasha (thrice) (D:2)
  Robin (D:2)
  3 adders (D:2)
  An ooze (D:1)
  2 worms (D:2)
  A dart slug (D:1)
  2 leopard geckos (D:3)
  4 orcs (D:3)
  A ball python (D:1)
  4 giant cockroaches (D:1)
  17 goblins
  8 hobgoblins
  3 jackals (D:1)
  8 kobolds
  A quokka (D:2)
  8 bats
  8 rats
77 creatures vanquished.

Vanquished Creatures (others)
  An ooze (D:2)
  2 goblins (D:2)
  A hobgoblin (D:2)
4 creatures vanquished.

Grand Total: 81 creatures vanquished

Notes
Turn   | Place    | Note
-------+----------+-------------------------------------------
     0 | D:1      | Holzbalken the Gargoyle Fighter began the quest for the
                  | Orb.
     0 | D:1      | Reached XP level 1. HP: 14/14 MP: 1/1
   161 | D:1      | Reached XP level 2. HP: 18/19 MP: 2/2
   182 | D:1      | Reached skill level 3 in Maces & Flails
   365 | D:1      | Reached XP level 3. HP: 21/23 MP: 3/3
   869 | D:2      | Reached skill level 4 in Maces & Flails
  1069 | D:2      | Noticed Robin
  1071 | D:2      | Reached XP level 4. HP: 27/28 MP: 4/4
  1098 | D:2      | HP: 1/28 [adder (1)]
  1103 | D:2      | Killed Robin
  1104 | D:2      | HP: 2/42 [goblin[Robin] (1)]
  1422 | D:2      | Noticed Natasha
  1446 | D:2      | Killed Natasha
  1446 | D:2      | Reached skill level 5 in Maces & Flails
  1446 | D:2      | Reached XP level 5. HP: 24/32 MP: 5/5
  1496 | D:2      | Noticed Natasha
  1505 | D:2      | Killed Natasha
  1540 | D:2      | Noticed Natasha
  1546 | D:2      | Killed Natasha
  2017 | D:3      | Reached skill level 6 in Maces & Flails
  2017 | D:3      | Reached XP level 6. HP: 12/37 MP: 6/6
  2289 | D:3      | Noticed Sigmund
  2365 | D:3      | Killed Sigmund
  2365 | D:3      | Reached skill level 7 in Maces & Flails
  2370 | D:3      | Slain by a gnoll

Levels and vault maps discovered:
D:1:      grunt_arrival_crossed_arrows, layout_basic
D:2:      layout_basic, minmay_liquid_box, kennysheep_path_1, uniq_natasha,
          uniq_robin
D:3:      layout_basic, cheibriados_altar_1, uniq_sigmund

Skill      XL: |  1  2  3  4  5  6 |
---------------+-------------------+-----
Maces & Flails | 3 4 5 6 7 |  7.0
Fighting       | |  3.2
Armour         | |  3.2
Shields        | |  3.2

Action                   |  1- 3 |  4- 6 || total
-------------------------+-------+-------++-------
Melee: Flail             |   147 |   159 ||   306
  Use: Potion            |       |     5 ||     5
 Stab: Invisible         |       |     4 ||     4
  Eat: Chunk             |     1 |     4 ||     5
Armor: Scale mail        |    95 |   119 ||   214
       Skin              |       |    47 ||    47
Dodge: Dodged            |    55 |    73 ||   128
Block: Shield            |    83 |   125 ||   208

Table legend:
 A = Non-vault XP
 B = Vault XP
 C = Vault XP percentage of total XP
 D = Non-vault monster count
 E = Vault monster count
 F = Vault count percentage of total count
                 A         B        C        D         E       F
            +---------+---------+-------+---------+---------+-------
      Total |     277 |     268 |  49.2 |      68 |      10 |  12.8
            +---------+---------+-------+---------+---------+-------
        D:1 |      65 |       0 |   0.0 |      34 |       0 |   0.0
        D:2 |     150 |      63 |  29.6 |      25 |       9 |  26.5
        D:3 |      62 |     205 |  76.8 |       9 |       1 |  10.0
            +---------+---------+-------+---------+---------+-------
